 Dungeon Crawl Stone Soup version 0.28-a0-224-g76b539d98b (webtiles) character file.

Game seed: 141332865383897850

461 gguki the Digger (level 7, 0/36 HPs)
             Began as a Gargoyle Earth Elementalist on Aug 21, 2021.
             Was an Initiate of Vehumet.
             Killed from afar by Dowan (18 damage)
             ... with a shard of ice
             ... on level 5 of the Dungeon.
             The game lasted 00:10:43 (6022 turns).

gguki the Digger (Gargoyle Earth Elementalist)      Turns: 6022, Time: 00:10:49

Health: 0/36       AC: 14    Str: 12    XL:     7   Next: 7%
Magic:  0/13       EV: 15    Int: 17    God:    Vehumet [......]
Gold:   189        SH:  0    Dex: 10    Spells: 10/14 levels left

rFire   . . .      SeeInvis .   e - +1 dagger (speed)
rCold   . . .      Faith    .   (no shield)
rNeg    + . .      Spirit   .   k - +2 robe {Will+}
rPois   ∞          Reflect  .   (no helmet)
rElec   +          Harm     .   (no cloak)
rCorr   .          Rampage  .   o - +0 pair of gloves
Will    +....                   m - +0 pair of boots
Stlth   ++........              a - amulet of the acrobat
HPRegen 0.12/turn               d - +4 ring of evasion
MPRegen 0.13/turn               l - +4 ring of protection

@: no status effects
A: sickness immunity, AC +4, negative energy resistance 1, electricity
resistance, torment resistance 1, petrification resistance
a: Renounce Religion


You were on level 5 of the Dungeon.
You worshipped Vehumet.
Vehumet was noncommittal.
You visited 2 branches of the dungeon, and saw 6 of its levels.

You collected 189 gold pieces.

Inventory:

Hand Weapons
 e - a +1 dagger of speed (weapon)
 f - a +0 mace
Missiles
 c - 63 stones
Armour
 k - a +2 robe of willpower (worn)
 m - a +0 pair of boots (worn)
 o - a +0 pair of gloves (worn)
Jewellery
 a - an amulet of the acrobat (around neck)
 d - a +4 ring of evasion (left hand)
 l - a +4 ring of protection (right hand)
Potions
 b - 2 potions of brilliance
 g - a potion of lignification {unknown}
 h - 3 potions of curing
 i - a potion of magic {unknown}
 j - 2 potions of mutation {unknown}
 n - a potion of degeneration {unknown}


   Skills:
 - Level 1.5 Dodging
 - Level 2.1 Stealth
 + Level 4.3 Spellcasting
 + Level 3.9 Conjurations
 - Level 0.7 Transmutations
 + Level 6.2 Earth Magic


You had 10 spell levels left.
You knew the following spells:

 Your Spells              Type           Power      Damage    Failure   Level
a - Sandblast             Erth           48%        2d12      1%          1
b - Stone Arrow           Conj/Erth      40%        3d9       5%          3

Your spell library contained the following spells:

 Spells                   Type           Power      Damage    Failure   Level
 Passwall                 Tmut/Erth      12%        N/A       5%          2
 Foxfire                  Conj/Fire      40%        2x1d6     7%          1
 Conjure Flame            Conj/Fire      10%        6-21      21%         3
 Petrify                  Tmut/Erth      15%        N/A       36%         4
 Inner Flame              Hex/Fire       3%         N/A       43%         3


Dungeon Overview and Level Annotations

Branches:
Dungeon (5/15)             Temple (1/1) D:4

Altars:
Ashenzari
Cheibriados
Dithmenos
Elyvilon
Fedhas
Gozag
Hepliaklqana
Kikubaaqudgha
Makhleb
Nemelex Xobeh
Okawaru
Qazlal
Ru
Sif Muna
Trog
Uskayaw
Vehumet
Wu Jian
Xom
Zin
The Shining One

Annotations:
D:5 Dowan


Innate Abilities, Weirdness & Mutations

You are immune to sickness and miasma.
Your stone body is resilient. (AC +4)
You are immune to poison.
You resist negative energy. (rN+)
You are resistant to electric shocks. (rElec)
You are resistant to unholy torment.
You are immune to petrification.


Message History

Dowan closely misses you.
You hit Dowan but do no damage.
Dowan is moderately wounded.
Dowan casts a spell at you. The stone arrow misses you.
You hit Dowan.
Dowan is moderately wounded.
Dowan hits you but does no damage.
Casting: Sandblast (safe; 1% risk of failure)
Confirm with . or Enter, or press ? or * to list all spells.
Aiming: Sandblast (safe; 1% risk of failure)
Press: ? - help, Shift-Dir - straight line, f - Dowan
Aim: Dowan, wielding a +0 dagger and wearing a +0 robe (moderately wounded, fast, 73% to hit)
The blast of sand hits Dowan!
Dowan is almost dead.
Dowan gestures wildly while chanting.
Dowan blinks!
Unknown command.
Unknown command.
Unknown command.
Unknown command.
Unknown command.
Unknown command.
Unknown command.
You start resting.
Dowan is nearby!
Dowan hits you but does no damage.
Unknown command.
You miss Dowan.
Dowan is almost dead.
Dowan drinks a potion.
Dowan is healed!
Unknown command.
Unknown command.
You barely miss Dowan.
Dowan is heavily wounded.
Dowan barely misses you. Dowan gestures at you while chanting.
The shard of ice hits you!!
Ouch! That really hurt!
You die...

#.. ...#
#..# #
#..# #.
#..# ##.#
#..#
#...###..#
#...@..#
#..)###e##
###. #.#
#. #.## #.
#.<# #.
##.# #.
#.# #. #.#
#.#


You could see Dowan (fast).

Vanquished Creatures
  Menkaure (D:4)
  Duvessa (D:5)
  2 orc priests (D:4)
  A centaur zombie (D:4)
  Jessica (D:3)
  4 adders
  2 worms
  4 dart slugs
  7 orcs
  6 ball pythons
  7 bats
  9 endoplasms
  3 giant cockroaches
  7 goblins
  5 hobgoblins
  3 quokkas
  2 frilled lizards
  9 kobolds
  8 rats
82 creatures vanquished.

Notes
Turn   | Place    | Note
-------+----------+-------------------------------------------
     0 | D:1      | gguki the Gargoyle Earth Elementalist began the quest for
                  | the Orb.
     0 | D:1      | Reached XP level 1. HP: 10/10 MP: 3/3
   515 | D:1      | Reached XP level 2. HP: 12/15 MP: 0/5
   606 | D:1      | Reached skill level 4 in Earth Magic
  1426 | D:1      | Reached XP level 3. HP: 16/19 MP: 3/6
  1430 | D:1      | Learned a level 3 spell: Stone Arrow
  1469 | D:1      | Found a faded altar of an unknown god.
  2527 | D:2      | Reached skill level 1 in Conjurations
  2599 | D:2      | Reached XP level 4. HP: 16/24 MP: 3/8
  3926 | D:3      | Noticed Jessica
  3930 | D:3      | Killed Jessica
  3931 | D:3      | Reached skill level 5 in Earth Magic
  3931 | D:3      | Reached XP level 5. HP: 24/28 MP: 4/9
  4585 | D:4      | Noticed Menkaure
  4587 | D:4      | Killed Menkaure
  4588 | D:4      | Reached XP level 6. HP: 27/32 MP: 4/11
  5371 | D:4      | Found a staircase to the Ecumenical Temple.
  5381 | Temple   | Entered the Ecumenical Temple
  5442 | Temple   | Became a worshipper of Vehumet
  5992 | D:5      | Entered Level 5 of the Dungeon
  5996 | D:5      | Noticed Dowan
  5999 | D:5      | Noticed Duvessa
  6008 | D:5      | Killed Duvessa
  6009 | D:5      | Reached skill level 6 in Earth Magic
  6009 | D:5      | Reached XP level 7. HP: 17/36 MP: 0/13
  6022 | D:5      | Killed from afar by Dowan

Illustrated notes

Levels and vault maps discovered:
D:1:      lemuel_arrival_rhombus, layout_loops_corners,
          shapermc_ecumenical_altar_hornbeckon, serial_park_tiny_2,
          minmay_misc_feat_enclosed, corexii_item_surrounded_by_moat
D:2:      layout_loops_corners, grunt_ministairs_2, grunt_decor_one_mirror,
          minmay_pentomino_pile
D:3:      kennysheep_six_static_rooms, layout_basic,
          chequers_serial_rivers_micro_b, uniq_jessica
D:4:      layout_layer_cave, minmay_temple_entry_proselytizer, uniq_menkaure
D:5:      layout_loops_ring, serial_shops, shop, grunt_decor_junction,
          minmay_puff, uniq_duvessa, uniq_ijyb
Temple:   nicolae_temple_the_god_donut

Skill      XL: |  1  2  3  4  5  6 |
---------------+-------------------+-----
Earth Magic    | 4 5 6 |  6.2
Conjurations   | 1 2 3 |  3.9
Spellcasting   | 3 4 |  4.3
Dodging        | |  1.5
Stealth        | |  2.1
Transmutations | |  0.7

Action                   |  1- 3 |  4- 6 |  7- 9 || total
-------------------------+-------+-------+-------++-------
Melee: Dagger            |    99 |   137 |     9 ||   245
       Unarmed           |     6 |       |       ||     6
 Cast: Sandblast         |    37 |    36 |     1 ||    74
       Stone Arrow       |       |     3 |       ||     3
  Use: Scroll            |     3 |     1 |       ||     4
 Stab: Sleeping          |     5 |     3 |       ||     8
Armor: Robe              |    38 |    42 |     3 ||    83
Dodge: Dodged            |    64 |   103 |     7 ||   174

Table legend: (Time is in decaauts)
 A = Elapsed time spent in this place.
 B = Non-inter-level travel time spent in this place.
 C = Inter-level travel time spent in this place.
 D = Time resting spent in this place.
 E = Time spent auto-exploring this place.
 F = Levels seen in this place.
 G = Mean time per level.
                   A        B        C        D        E       F      G
               +--------+--------+--------+--------+--------+-----+--------+
         Total |   5995 |   5851 |    144 |    473 |   4589 |   6 |  999.2 |
       Dungeon |   5912 |   5781 |    131 |    473 |   4553 |   5 | 1182.4 |
        Temple |     82 |     69 |     13 |      0 |     36 |   1 |   82.0 |
               +--------+--------+--------+--------+--------+-----+--------+

Top non-repeatable levels by time:
     D:1: 1908 daAuts
     D:2: 1591 daAuts
     D:4: 1402 daAuts
     D:3: 983 daAuts
  Temple: 82 daAuts
     D:5: 27 daAuts
